Workbook

Sheet PRESUPUESTO
B3: PRESUPUESTO
B4: SERVICIO DE CONSTRUCCIÓN DE DIQUES Y PROTECCIÓN DE TALUDES DE DIQUES CON ENROCADO DEL SECTOR 2 SUBPROYECTO A4 PAMPA DEL TORO
F6: Fecha Pres. | G6: 44707
B7: ÍTEM | C7: DESCRIPCIÓN | D7: UNIDAD | E7: METRADO | F7: P.U. | G7: SUBTOTAL
B8: 1.01 | C8: OBRAS PROVISIONALES | G8: =SUM(G9:G11) -> 108800
B9: 36892 | C9: CARTEL DE IDENTIFICACIÓN DE OBRA 4.8 m x 3.60 m | D9: und | E9: 1 | F9: =[4]PRESUPUESTO!$F$8 -> 2800 | G9: =F9*E9 -> 2800
B10: 37257 | C10: INSTALACIONES PROVISIONALES PARA LA OBRA | D10: glb | E10: 1 | F10: =[4]PRESUPUESTO!$F$9 -> 50000 | G10: =F10*E10 -> 50000
B11: 37622 | C11: MANTENIMIENTO DE TRANSITO Y SEGURIDAD VIAL | D11: mes | E11: 1 | F11: =[4]PRESUPUESTO!$F$10 -> 56000 | G11: =F11*E11 -> 56000
B12: 1.02 | C12: TRABAJOS PRELIMINARES | G12: =SUM(G13:G14) -> 174144.78
B13: 36893 | C13: MOVILIZACION Y DESMOVILIZACION DE EQUIPOS | D13: glb | E13: 1 | F13: =[4]PRESUPUESTO!$F$12 -> 150000 | G13: =F13*E13 -> 150000
B14: 37258 | C14: TRAZO Y REPLANTEO DE OBRA | D14: m2 | E14: 6820.56 | F14: =[4]PRESUPUESTO!$F$13 -> 3.54 | G14: =F14*E14 -> 24144.782
B15: 1.03 | C15: DIQUES Y PROTECCIÓN DE CAUCE CON ENROCADO | G15: =G16+G22+G30+G34+G40 -> 1445927.9
B16: 36894 | C16: DIQUE DE TIERRA COMPACTADA | G16: =SUM(G17:G21) -> 332180.4
B17: 1.03.01.01 | C17: DESBROCE Y LIMPIEZA EN ZONA NO BOSCOSA | D17: m2 | E17: 3665.08 | F17: =[4]PRESUPUESTO!$F$16 -> 16.605681 | G17: =F17*E17 -> 60861.151
B18: 1.03.01.02 | C18: EXCAVACIÓN EN MATERIAL SUELTO CON EQUIPO | D18: m3 | E18: 2391.28 | F18: =[4]PRESUPUESTO!$F$17 -> 7.1919933 | G18: =F18*E18 -> 17198.07
B19: 1.03.01.03 | C19: PERFILADO Y COMPACTACIÓN EN ZONA DE CORTE | D19: m2 | E19: 3003.65 | F19: =[4]PRESUPUESTO!$F$18 -> 23.47959 | G19: =F19*E19 -> 70524.471
B20: 1.03.01.04 | C20: CONFORMACIÓN DE CUERPO DEL DIQUE | D20: m3 | E20: 3660.35 | F20: =[4]PRESUPUESTO!$F$19 -> 40.384785 | G20: =F20*E20 -> 147822.45
B21: 1.03.01.05 | C21: CONFORMACIÓN DE MATERIAL GRANULAR EN CORONA DEL DIQUE | D21: m3 | E21: 416.11 | F21: =[4]PRESUPUESTO!$F$20 -> 85.973074 | G21: =F21*E21 -> 35774.256
B22: 37259 | C22: ENROCADO CON PIEDRA ACOMODADA | G22: =SUM(G23:G29) -> 404862.43
B23: 01.03.02.01 | C23: DESBROCE Y LIMPIEZA EN ZONA NO BOSCOSA | D23: m2 | E23: 1513.32 | F23: =[4]PRESUPUESTO!$F$22 -> 16.605681 | G23: =F23*E23 -> 25129.71
B24: 01.03.02.02 | C24: EXCAVACIÓN EN MATERIAL SUELTO CON EQUIPO | D24: m3 | E24: 2247.34 | F24: =[4]PRESUPUESTO!$F$23 -> 7.1919933 | G24: =F24*E24 -> 16162.854
B25: 01.03.02.03 | C25: PERFILADO Y COMPACTACIÓN EN ZONA DE CORTE | D25: m2 | E25: 3178.85 | F25: =[4]PRESUPUESTO!$F$24 -> 26.189806 | G25: =F25*E25 -> 83253.464
B26: 01.03.02.04 | C26: GEOTEXTIL NO TEJIDO 400 gr/m2, INC. COLOCACIÓN | D26: m2 | E26: 4762.34 | F26: =[4]PRESUPUESTO!$F$25 -> 16.345804 | G26: =F26*E26 -> 77844.276
B27: 01.03.02.05 | C27: CAMA DE APOYO (e=0.25 m) | D27: m3 | E27: 884.8 | F27: =[4]PRESUPUESTO!$F$26 -> 52.674126 | G27: =F27*E27 -> 46606.067
B28: 01.03.02.06 | C28: COLOCACIÓN Y ACOMODO DE ROCA EN UÑA DEL DIQUE | D28: m3 | E28: 1331.96 | F28: =[4]PRESUPUESTO!$F$27 -> 56.725 | G28: =F28*E28 -> 75555.431
B29: 01.03.02.07 | C29: COLOCACIÓN Y ACOMODO DE ROCA EN TALUD DEL DIQUE | D29: m3 | E29: 1339.18 | F29: =[4]PRESUPUESTO!$F$28 -> 59.97 | G29: =F29*E29 -> 80310.625
B30: 37624 | C30: PROTECCIÓN DEL CAUCE CON ENROCADO | G30: =SUM(G31:G33) -> 44269.478
B31: 1.03.03.01 | C31: EXCAVACIÓN EN MATERIAL SUELTO CON EQUIPO | D31: m3 | E31: 600 | F31: =[4]PRESUPUESTO!$F$30 -> 7.9911036 | G31: =F31*E31 -> 4794.6622
B32: 1.03.03.02 | C32: PERFILADO Y COMPACTACIÓN CON EQUIPO DE FONDO DE EXCAVACIÓN | D32: m2 | E32: 600 | F32: =[4]PRESUPUESTO!$F$31 -> 30.51636 | G32: =F32*E32 -> 18309.816
B33: 1.03.03.03 | C33: COLOCACIÓN DE ROCA EN CAUCE | D33: m3 | E33: 600 | F33: =[4]PRESUPUESTO!$F$32 -> 35.275 | G33: =F33*E33 -> 21165
B34: 1.04 | C34: REPOSICIÓN DE CAMINO DE ACCESO | G34: =SUM(G35:G39) -> 63995.017
B35: 36895 | C35: DESBROCE Y LIMPIEZA EN ZONA NO BOSCOSA | D35: m2 | E35: 991.27 | F35: =[4]PRESUPUESTO!$F$34 -> 16.605681 | G35: =F35*E35 -> 16460.714
B36: 37260 | C36: EXCAVACIÓN EN MATERIAL SUELTO CON EQUIPO | D36: m3 | E36: 322.42 | F36: =[4]PRESUPUESTO!$F$35 -> 7.1919933 | G36: =F36*E36 -> 2318.8425
B37: 37625 | C37: PERFILADO Y COMPACTACIÓN EN ZONA DE CORTE | D37: m2 | E37: 864.97 | F37: =[4]PRESUPUESTO!$F$36 -> 26.189806 | G37: =F37*E37 -> 22653.396
B38: 37990 | C38: CONFORMACIÓN DE TERRAPLEN EN CAMINO | D38: m3 | E38: 164.24 | F38: =[4]PRESUPUESTO!$F$37 -> 21.325597 | G38: =F38*E38 -> 3502.516
B39: 38356 | C39: MATERIAL AFIRMADO e=0.30 m | D39: m3 | E39: 278.38 | F39: =[4]PRESUPUESTO!$F$38 -> 68.465942 | G39: =F39*E39 -> 19059.549
B40: 1.05 | C40: TRANSPORTE DE MATERIAL | G40: =SUM(G41:G46) -> 600620.61
B41: 36896 | C41: TRANSPORTE DE MATERIAL GRANULAR PARA DISTANCIAS < 1KM | D41: m3-km | E41: 3832.26 | F41: =[4]PRESUPUESTO!$F$40 -> 8.7059984 | G41: =F41*E41 -> 33363.649
B42: 37261 | C42: TRANSPORTE DE MATERIAL GRANULAR PARA DISTANCIAS > 1KM | D42: m3-km | E42: 41153.22 | F42: =[4]PRESUPUESTO!$F$41 -> 2.4722 | G42: =F42*E42 -> 101738.99
B43: 37626 | C43: TRANSPORTE DE ROCA PARA DISTANCIAS < 1KM | D43: m3-km | E43: 2878.61 | F43: =[4]PRESUPUESTO!$F$42 -> 20.894396 | G43: =F43*E43 -> 60146.818
B44: 37991 | C44: TRANSPORTE DE ROCA PARA DISTANCIAS > 1KM | D44: m3-km | E44: 53450.47 | F44: =[4]PRESUPUESTO!$F$43 -> 4.9444 | G44: =F44*E44 -> 264280.5
B45: 38357 | C45: TRANSPORTE DE MATERIAL EXCEDENTE PARA DISTANCIAS < 1KM | D45: m3-km | E45: 6661.7 | F45: =[4]PRESUPUESTO!$F$44 -> 8.7059984 | G45: =F45*E45 -> 57996.75
B46: 38722 | C46: TRANSPORTE DE MATERIAL EXCEDENTE PARA DISTANCIAS > 1KM | D46: m3-km | E46: 28009.43 | F46: =[4]PRESUPUESTO!$F$45 -> 2.96664 | G46: =F46*E46 -> 83093.895
B47: 1.06 | C47: MONITOREO Y CONTROL AMBIENTAL | G47: =G48+G51 -> 369163.98
B48: 36897 | C48: PROGRAMA DE CIERRE DE OBRA | G48: =SUM(G49:G50) -> 99163.982
B49: 1.06.01.01 | C49: ACONDICIONAMIENTO DE DEPÓSITOS DE MATERIALES EXCEDENTES (DME) | D49: m3 | E49: 7570.12 | F49: =[4]PRESUPUESTO!$F$48 -> 10.962892 | G49: =F49*E49 -> 82990.411
B50: 1.06.01.02 | C50: RESTAURACIÓN DE ÁREAS DE INSTALACIONES PROVISIONALES | D50: m2 | E50: 1000 | F50: =[4]PRESUPUESTO!$F$49 -> 16.173571 | G50: =F50*E50 -> 16173.571
B51: 1.07 | C51: OTROS | G51: =SUM(G52:G53) -> 270000
B52: 36898 | C52: SEGURIDAD Y SALUD OCUPACIONAL | D52: glb | E52: 1 | F52: =[4]PRESUPUESTO!$F$51 -> 120000 | G52: =F52*E52 -> 120000
B53: 37263 | C53: IMPLEMENTACIÓN DEL PLAN PARA LA VIGILANCIA, PREVENCIÓN Y CONTROL DE COVID-19 EN EL TRABAJO | D53: glb | E53: 1 | F53: =[4]PRESUPUESTO!$F$52 -> 150000 | G53: =F53*E53 -> 150000
C55: COSTO DIRECTO | G55: =G47+G15+G12+G8 -> 2098036.7
C56: Utilidad | D56: ='GASTOS GENERALES'!G26 -> 0.1 | G56: ='GASTOS GENERALES'!F26 -> 209803.67
C57: Gastos Generales | D57: ='GASTOS GENERALES'!G24 -> 0.20134157 | G57: ='GASTOS GENERALES'!F24 -> 422422
C58: SUBTOTAL | G58: =SUM(G55:G57) -> 2730262.4
C59: IGV | D59: 0.18 | G59: =G58*D59 -> 491447.22
C60: TOTAL | G60: =SUM(G58:G59) -> 3221709.6

Sheet GASTOS GENERALES
A5: DESAGREGADO DE GASTOS GENERALES
A7: Presupuesto: | C7: SERVICIO DE CONSTRUCCIÓN DE DIQUES Y PROTECCIÓN DE TALUDES DE DIQUES CON ENROCADO DEL SECTOR 2 SUBPROYECTO A4 PAMPA DEL TORO
F8: =PRESUPUESTO!F6 -> Fecha Pres. | G8: =PRESUPUESTO!G6 -> 44707
A9: DESCRIPCIÓN | F9: MONEDA NACIONAL
F10: S/. | G10: %
B12: 1.- | C12: COSTO DIRECTO | F12: =PRESUPUESTO!G55 -> 2098036.7
B15: GASTOS GENERALES
B17: A.- | C17: GASTOS FIJOS | F17: ='GG FIJO'!G49 -> 44718.69 | G17: =ROUND(F17/$F$12,8) -> 0.02131454
C18: No directamente relacionados con el tiempo
B20: B.- | C20: GASTOS VARIABLES | F20: =+'GG VARIABLE'!G123 -> 377703.31 | G20: =ROUND(F20/$F$12,8) -> 0.18002703
C21: Directamente relacionados con el tiempo
B24: 2.- | C24: TOTAL DE GASTOS GENERALES | F24: =F20+F17 -> 422422 | G24: =ROUND(F24/F12,8) -> 0.20134157
B26: 3.- | C26: UTILIDAD | F26: =F12*G26 -> 209803.67 | G26: 0.1
B28: 4.- | C28: SUBTOTAL | F28: =ROUND(+F12+F24+F26,2) -> 2730262.4
B31: I.G.V. | F31: =ROUND(F28*G31,2) -> 491447.22 | G31: 0.18
B34: 5.- | C34: TOTAL PRESUPUESTO | F34: =SUM(F28:F31) -> 3221709.6
C38: PRESUPUESTO OFERTADO | F38: 41303138 | G38: =+F38/F38 -> 1 | J38: =+F38*1.5 -> 61954707
F41: 97037604
F43: =+F41-F34 -> 93815895

Sheet EPPS
A4: Implementos de Seguridad Profesionales y Técnicos | D4: Implementos de Seguridad Administrativo y Auxiliar | G4: Implementos de Seguridad Operadores | J4: Implementos de Seguridad Obreros
A6: EPP | B6: P.U | D6: EPP | E6: P.U | G6: EPP | H6: P.U | J6: EPP | K6: P.U
A7: CASCO | B7: 47 | D7: CASCO | E7: 47 | G7: CASCO | H7: 47 | J7: CASCO | K7: 47
A8: BARBIQUEJO | B8: 2 | D8: BARBIQUEJO | E8: 2 | G8: BARBIQUEJO | H8: 2 | J8: BARBIQUEJO | K8: 2
A9: TAPONES AUDITIVOS | B9: 1.5 | D9: TAPONES AUDITIVOS | E9: 1.5 | G9: TAPONES AUDITIVOS | H9: 1.5 | J9: TAPONES AUDITIVOS | K9: 1.5
A10: PANTALON | B10: 40 | D10: PANTALON | E10: 40 | G10: PANTALON | H10: 40 | J10: PANTALON | K10: 40
A11: CAMISA | B11: 60 | D11: CAMISA | E11: 60 | G11: CAMISA | H11: 0 | J11: CAMISA | K11: 0
A12: POLO MANGA LARGA | B12: 0 | D12: POLO MANGA LARGA | E12: 0 | G12: POLO MANGA LARGA | H12: 21 | J12: POLO MANGA LARGA | K12: 21
A13: BOTAS PUNTA DE ACERO | B13: 99.9 | D13: BOTAS PUNTA DE ACERO | E13: 99.9 | G13: BOTAS PUNTA DE ACERO | H13: 99.9 | J13: BOTAS PUNTA DE ACERO | K13: 99.9
A14: GUANTES | B14: 12.2 | D14: GUANTES | E14: 12.2 | G14: GUANTES | H14: 12.2 | J14: GUANTES | K14: 12.2
A15: LENTES .OSCUROS | B15: 5.5 | D15: LENTES .OSCUROS | E15: 5.5 | G15: LENTES .OSCUROS | H15: 5.5 | J15: LENTES .OSCUROS | K15: 5.5
A16: LENTES BLANCOS | B16: 5.5 | D16: LENTES BLANCOS | E16: 5.5 | G16: LENTES BLANCOS | H16: 5.5 | J16: LENTES BLANCOS | K16: 5.5
A17: CORTAVIENTOS | B17: 7 | D17: CORTAVIENTOS | E17: 7 | G17: CORTAVIENTOS | H17: 7 | J17: CORTAVIENTOS | K17: 7
A18: MASCARILLA KM95 CAJA | B18: 66 | D18: MASCARILLA KM95 CAJA | E18: 66 | G18: MASCARILLA KM95 CAJA | H18: 66 | J18: MASCARILLA KM95 CAJA | K18: 66
B19: =SUM(B7:B18) -> 346.6 | E19: =SUM(E7:E18) -> 346.6 | H19: =SUM(H7:H18) -> 307.6 | K19: =SUM(K7:K18) -> 307.6
A20: *No incluye IGV

Sheet GG FIJO
A2: GASTOS GENERALES FIJOS
B4: DURACION DE LA OBRA (MESES) | C4: 1.83
B5: COSTO DIRECTO (DOLARES) | D5: =+'GASTOS GENERALES'!F12 -> 2098036.7
A6: ITEM | B6: DESCRIPCION | C6: UNIDAD | D6: CANTIDAD | F6: VALOR UNITARIO | G6: VALOR TOTAL | I6: 3.84
D7: DESCR | E7: TIEMPO | F7: S/. | G7: S/.
A9: 1.00 | B9: PATIO DE MAQUINAS
A10: 1.01 | B10: Almacenes | C10: und | D10: 2 | E10: =+C4 -> 1.83 | F10: =450 -> 450 | G10: =ROUND(F10*E10,2) -> 823.5
A11: 1.02 | B11: Taller de reparaciones menores, mantenimiento y llanteria | C11: m2 | D11: 10 | E11: =+C4 -> 1.83 | F11: =80 -> 80 | G11: =ROUND(F11*E11*D11,2) -> 1464
A12: 1.03 | B12: Zona Descanso Ingenieros | C12: m2 | D12: 10 | E12: =+C4 -> 1.83 | F12: =80 -> 80 | G12: =ROUND(F12*E12*D12,2) -> 1464
A13: 1.04 | B13: Zona Descanso Empleados y Técnicos | C13: m2 | D13: 10 | E13: =+C4 -> 1.83 | F13: =80 -> 80 | G13: =ROUND(F13*E13*D13,2) -> 1464
A14: 1.05 | B14: Zona de Descanso Operadores y Obreros | C14: m2 | D14: 10 | E14: =+C4 -> 1.83 | F14: =80 -> 80 | G14: =ROUND(F14*E14*D14,2) -> 1464
B15: TOTAL PATIO DE MAQUINAS | G15: =SUM(G10:G14) -> 6679.5
A17: 2.00 | B17: EQUIPAMIENTO
A18: 2.01 | B18: =+B10 -> Almacenes | C18: Glb | D18: 1 | E18: =+C4 -> 1.83 | F18: 1500 | G18: =ROUND(F18*E18,2) -> 2745
A19: 2.02 | B19: =+B11 -> Taller de reparaciones menores, mantenimiento y llanteria | C19: Glb | D19: 1 | E19: =+C4 -> 1.83 | F19: 2500 | G19: =ROUND(F19*E19,2) -> 4575
B20: TOTAL | G20: =SUM(G18:G19) -> 7320
A22: 3.00 | B22: GASTOS ADMINISTRATIVOS
A23: 3.01 | B23: Instalacion y Desinstalacion | C23: gbl | E23: 2 | F23: 651.04 | G23: =ROUND(F23*E23,2) -> 1302.08
A24: 3.02 | B24: Gastos de Liquidacion de obra | C24: est | E24: 1 | F24: =2500/I6 -> 651.04167 | G24: =ROUND(F24*E24,2) -> 651.04
B25: TOTAL DE GASTOS ADMINISTRATIVOS | G25: =SUM(G23:G24) -> 1953.12
A27: 4.00 | B27: LIQUIDACION DE OBRA
A28: 4.01 | B28: Ingeniero Residente de Obra | C28: mes | D28: 1 | E28: 0.5 | F28: 13000 | G28: =ROUND(F28*E28*D28,2) -> 6500
A29: 4.02 | B29: Ingeniero Supervisor de Construccion | C29: mes | F29: 7000 | G29: =ROUND(F29*E29*D29,2) -> 0
A30: 4.05 | B30: Ingeniero Supervisor de Seguridad | C30: mes | F30: 7000 | G30: =ROUND(F30*E30*D30,2) -> 0
A31: 4.06 | B31: Ingeniero supervisor Control de calidad | C31: mes | F31: 7000 | G31: =ROUND(F31*E31*D31,2) -> 0
A32: 4.07 | B32: ingeniero de costos y presupuestos | C32: mes | F32: 6700 | G32: =ROUND(F32*E32*D32,2) -> 0
A33: 4.08 | B33: Gerente de Proyecto | C33: mes | D33: 1 | E33: 0.5 | F33: 13000 | G33: =ROUND(F33*E33*D33,2) -> 6500
A34: 4.09 | B34: Administrador- contador | C34: mes | F34: 7000 | G34: =ROUND(F34*E34*D34,2) -> 0
A35: 4.10 | B35: Cadista | C35: mes | F35: 3500 | G35: =ROUND(F35*E35*D35,2) -> 0
A36: 4.11 | B36: Topografo | C36: mes | D36: 1 | E36: 0.5 | F36: 3500 | G36: =ROUND(F36*E36*D36,2) -> 1750
A37: 4.12 | B37: Leyes Sociales | C37: glb | D37: 1 | E37: 0.52 | F37: =SUM(G28:G36) -> 14750 | G37: =ROUND(F37*E37*D37,2) -> 7670
A38: 4.13 | B38: Fotocopias Planos | C38: est | D38: 1 | E38: 1 | F38: =750 -> 750 | G38: =ROUND(F38*E38*D38,2) -> 750
A39: 4.14 | B39: Fotocopias Documentos | C39: est | D39: 1 | E39: 1 | F39: =250 -> 250 | G39: =ROUND(F39*E39*D39,2) -> 250
A40: 4.15 | B40: Comunicaciones | C40: est | D40: 1 | E40: 1 | F40: =300 -> 300 | G40: =ROUND(F40*E40*D40,2) -> 300
A41: 4.16 | B41: Movilización Coordinaciones | C41: est | D41: 1 | E41: 1 | F41: =500 -> 500 | G41: =ROUND(F41*E41*D41,2) -> 500
A42: 4.17 | B42: Utiles de Oficina | C42: est | D42: 1 | E42: 1 | F42: =350 -> 350 | G42: =ROUND(F42*E42*D42,2) -> 350
B43: TOTAL COSTO LIQUIDACION DE OBRA | G43: =SUM(G28:G42) -> 24570
A45: 5.00 | B45: IMPUESTOS
A46: 5.01 | B46: SENCICO (0.2% presupuesto sin igv) | C46: % | D46: 0.2 | E46: 1 | F46: =D5 -> 2098036.7 | G46: =ROUND(F46*E46*D46/100,2) -> 4196.07
B47: TOTAL COSTO IMPUESTOS | G47: =SUM(G45:G46) -> 4196.07
A49: TOTAL GASTOS GENERALES FIJOS | F49: S/. | G49: =G47+G43+G25+G20+G15 -> 44718.69

Sheet GG VARIABLE
A2: GASTOS GENERALES VARIABLES
A3: SERVICIO DE CONSTRUCCIÓN DE DIQUES Y PROTECCIÓN DE TALUDES DE DIQUES CON ENROCADO DEL SECTOR 2 SUBPROYECTO A4 PAMPA DEL TORO
B4: DURACION DE LA OBRA (MESES) | C4: 1.83
B5: COSTO DIRECTO (SOLES) | C5: =+'GASTOS GENERALES'!F12 -> 2098036.7
A6: ITEM | B6: DESCRIPCION | C6: U | D6: CANTIDAD | F6: VALOR UNITARIO | G6: VALOR TOTAL | I6: 3.84
D7: DESCR | E7: TIEMPO | F7: S/. | G7: S/.
A9: 1.00 | B9: PERSONAL DE OBRA
B11: PERSONAL PROFESIONAL Y TECNICO
A12: 1.01 | B12: ='GG FIJO'!B28 -> Ingeniero Residente de Obra | C12: mes | D12: 1 | E12: =+$C$4 -> 1.83 | F12: ='GG FIJO'!F28 -> 13000 | G12: =ROUND(F12*E12*D12,2) -> 23790
A13: 1.01 | B13: ='GG FIJO'!B29 -> Ingeniero Supervisor de Construccion | C13: mes | D13: 1 | E13: =+$C$4 -> 1.83 | F13: ='GG FIJO'!F29 -> 7000 | G13: =ROUND(F13*E13*D13,2) -> 12810
A14: 1.03 | B14: ='GG FIJO'!B30 -> Ingeniero Supervisor de Seguridad | C14: mes | D14: 1 | E14: =+$C$4 -> 1.83 | F14: ='GG FIJO'!F30 -> 7000 | G14: =ROUND(F14*E14*D14,2) -> 12810
A15: 1.06 | B15: ='GG FIJO'!B31 -> Ingeniero supervisor Control de calidad | C15: mes | D15: 1 | E15: =+$C$4 -> 1.83 | F15: ='GG FIJO'!F31 -> 7000 | G15: =ROUND(F15*E15*D15,2) -> 12810
A16: 1.07 | B16: ='GG FIJO'!B32 -> ingeniero de costos y presupuestos | C16: mes | D16: 1 | E16: =+$C$4 -> 1.83 | F16: ='GG FIJO'!F32 -> 6700 | G16: =ROUND(F16*E16*D16,2) -> 12261
A17: 1.08 | B17: Gerente de proyecto | C17: mes | D17: 1 | E17: 1 | F17: ='GG FIJO'!F33 -> 13000 | G17: =ROUND(F17*E17*D17,2) -> 13000
A18: 1.09 | B18: Maestro de Obra | C18: mes | D18: 2 | E18: 1 | F18: =3000 -> 3000 | G18: =ROUND(F18*E18*D18,2) -> 6000
A19: 1.10 | B19: Supervisor de equipo pesado y combustible | C19: mes | D19: 1 | E19: 1 | F19: =3000 -> 3000 | G19: =ROUND(F19*E19*D19,2) -> 3000
A20: 1.12 | B20: Topógrafo | C20: mes | D20: 1 | E20: 1 | F20: =3000 -> 3000 | G20: =ROUND(F20*E20*D20,2) -> 3000
A21: 1.13 | B21: Cadista | C21: mes | D21: 1 | E21: =+E20 -> 1 | F21: =3000 -> 3000 | G21: =ROUND(F21*E21*D21,2) -> 3000
A22: 1.14 | B22: Tecnico Laboratorio y mecanica de suelos | C22: mes | D22: 1 | E22: =+E21 -> 1 | F22: =3000 -> 3000 | G22: =ROUND(F22*E22*D22,2) -> 3000
A23: 1.15 | B23: Tecnico operador de densimetro nuclear | C23: mes | D23: 1 | E23: =+E22 -> 1 | F23: =3000 -> 3000 | G23: =ROUND(F23*E23*D23,2) -> 3000
A24: 1.16 | B24: Señaleros o vigias | C24: mes | D24: 4 | E24: =+E22 -> 1 | F24: =1200 -> 1200 | G24: =ROUND(F24*E24*D24,2) -> 4800
A25: 1.17 | B25: Beneficios Sociales | C25: % | D25: 1 | E25: 0.52 | F25: =SUM(G12:G24) -> 113281 | G25: =ROUND(F25*E25,2) -> 58906.12
B26: SUBTOTAL | G26: =SUM(G12:G25) -> 172187.12
B27: PERSONAL ADMINISTRATIVO Y AUXILIAR
A28: 1.18 | B28: Administrador - Contador | C28: mes | D28: 1 | E28: 1 | F28: =3500 -> 3500 | G28: =ROUND(F28*E28*D28,2) -> 3500
A29: 1.19 | B29: Asistente Servicios Generales | C29: mes | D29: 1 | E29: 1 | F29: =2500 -> 2500 | G29: =ROUND(F29*E29*D29,2) -> 2500
A30: 1.20 | B30: Logistica | C30: mes | D30: 1 | E30: 1 | F30: =2500 -> 2500 | G30: =ROUND(F30*E30*D30,2) -> 2500
A31: 1.21 | B31: Encargado de Almacén | C31: mes | D31: 2 | E31: =+E30 -> 1 | F31: =2500 -> 2500 | G31: =ROUND(F31*E31*D31,2) -> 5000
A32: 1.22 | B32: Secretaria | C32: mes | D32: 1 | E32: =+E31 -> 1 | F32: =1500 -> 1500 | G32: =ROUND(F32*E32*D32,2) -> 1500
A33: 1.23 | B33: Ayudante de topografia | C33: mes | D33: 2 | E33: =+E32 -> 1 | F33: =1800 -> 1800 | G33: =ROUND(F33*E33*D33,2) -> 3600
A34: 1.24 | B34: Conductores de camioneta | C34: mes | D34: =D56 -> 4 | E34: =+E33 -> 1 | F34: =1800 -> 1800 | G34: =ROUND(F34*E34*D34,2) -> 7200
A35: 1.25 | B35: Conductor de couster | C35: mes | D35: =D57 -> 2 | E35: =+E34 -> 1 | F35: =1800 -> 1800 | G35: =ROUND(F35*E35*D35,2) -> 3600
A36: 1.26 | B36: Guardian | C36: mes | D36: 2 | E36: =+E33 -> 1 | F36: =1500 -> 1500 | G36: =ROUND(F36*E36*D36,2) -> 3000
A37: 1.27 | B37: Beneficios Sociales | C37: % | D37: 1 | E37: 0.52 | F37: =SUM(G28:G36) -> 32400 | G37: =ROUND(F37*E37,2) -> 16848
B38: SUBTOTAL | G38: =SUM(G28:G37) -> 49248
B39: TOTAL REMUNERACIÓN PERSONAL DE OBRA | G39: =+G26+G38 -> 221435.12
A41: 2.00 | B41: ALIMENTACIÓN EN OBRA
A42: 2.01 | B42: Personal Profesional y Técnico | C42: mes | D42: =+SUM(D12:D24)-D24 -> 13 | E42: =+C4 -> 1.83 | F42: =24*30 -> 720 | G42: =ROUND(F42*E42*D42,2) -> 17128.8
A43: 2.02 | B43: Personal Administrativo y Auxiliar | C43: mes | D43: =+SUM(D28:D36) -> 16 | E43: 1 | F43: =24*30 -> 720 | G43: =ROUND(F43*E43*D43,2) -> 11520
A44: 2.03 | B44: Personal Operadores y Obreros (Subsidio por horario extendido) | C44: mes | D44: =+D64+D65+D24 -> 38 | E44: 1 | F44: =9*30 -> 270 | G44: =ROUND(F44*E44*D44,2) -> 10260
B45: TOTAL COSTO ALIMENTACIÓN | G45: =SUM(G42:G44) -> 38908.8
A47: 3.00 | B47: EQUIPOS NO INCLUIDOS EN LOS COSTOS DIRECTOS
A48: 3.01 | B48: Estación Total | C48: mes | D48: 1 | E48: 1 | F48: =3500 -> 3500 | G48: =ROUND(F48*E48*D48,2) -> 3500
A49: 3.04 | B49: PC (Incl. Software) | C49: mes | D49: 6 | E49: 1 | F49: =315 -> 315 | G49: =ROUND(F49*E49*D49,2) -> 1890
A50: 3.05 | B50: Impresora Láser A4 | C50: mes | D50: 2 | E50: 1 | F50: =750 -> 750 | G50: =ROUND(F50*E50*D50,2) -> 1500
A51: 3.06 | B51: Luminarias | C51: mes | D51: 5 | E51: 1 | F51: 600 | G51: =ROUND(F51*E51*D51,2) -> 3000
A52: 3.09 | B52: Equipo Taller | C52: mes | D52: 1 | E52: 1 | F52: =930 -> 930 | G52: =ROUND(F52*E52*D52,2) -> 930
B53: TOTAL COSTO DE EQUIPOS NO INCLUIDOS | G53: =SUM(G48:G52) -> 10820
A55: 4.00 | B55: VEHICULOS
A56: 4.01 | B56: Camionetas Pick Up Doble Cabina 4x4 c/radio transmisor (*) | C56: mes | D56: 4 | E56: 1 | F56: 1800 | G56: =ROUND(F56*E56*D56,2) -> 7200
A57: 4.02 | B57: Combi/Sprinter 12 psj (*) | C57: mes | D57: 2 | E57: 1 | F57: =135*30 -> 4050 | G57: =ROUND(F57*E57*D57,2) -> 8100
B58: TOTAL COSTO DE VEHICULOS | G58: =SUM(G56:G57) -> 15300
A59: (*) Los costos NO incluyen operador y combustible
A61: 5.00 | B61: SEGURIDAD Y SALUD
A62: 5.01 | B62: Implementos de Seguridad Profesionales y Técnicos | C62: und. | D62: =+D42 -> 13 | E62: 1 | F62: =EPPS!B19 -> 346.6 | G62: =ROUND(F62*E62*D62,2) -> 4505.8
A63: 5.02 | B63: Implementos de Seguridad Administrativo y Auxiliar (Incl. Uniforme) | C63: und. | D63: =+D43 -> 16 | E63: =+E62 -> 1 | F63: =EPPS!B19 -> 346.6 | G63: =ROUND(F63*E63*D63,2) -> 5545.6
A64: 5.03 | B64: Implementos de Seguridad Operadores (Incl. Uniforme) | C64: und. | D64: ='[4]Dimensionamiento equipos'!$M$16 -> 15 | E64: =+E62 -> 1 | F64: =EPPS!H19 -> 307.6 | G64: =ROUND(F64*E64*D64,2) -> 4614
A65: 5.04 | B65: Implementos de Seguridad Obreros (Incl. Uniforme) | C65: und. | D65: ='[4]Dimensionamiento de MO'!$L$9 -> 19 | E65: =+E63 -> 1 | F65: =EPPS!K19 -> 307.6 | G65: =ROUND(F65*E65*D65,2) -> 5844.4
A66: 5.05 | B66: Plan de Seguridad, Salud y Emergencia | C66: glb | D66: 1 | E66: 1 | F66: 1000 | G66: =ROUND(F66*E66*D66,2) -> 1000
A67: 5.06 | B67: Capacitación en Salud y Seguridad en el Trabajo | C67: und. | D67: 1 | E67: =+E62 -> 1 | F67: 250 | G67: =ROUND(F67*E67*D67,2) -> 250
A68: 5.07 | B68: Examen de Salud Ocupacional | C68: und. | D68: =D62+D63+D64+D65+D24 -> 67 | E68: 2 | F68: 180 | G68: =ROUND(F68*E68*D68,2) -> 24120
A69: 5.08 | B69: Materiales de Seguridad en Obra | C69: und. | D69: 1 | E69: =+E65 -> 1 | F69: ='Mat. Seguridad'!I27 -> 5229.31 | G69: =ROUND(F69*E69*D69,2) -> 5229.31
B70: TOTAL COSTO SEGURIDAD Y SALUD | G70: =SUM(G62:G69) -> 51109.11
A72: 6.00 | B72: GESTIÓN AMBIENTAL
A73: 6.02 | B73: ='Gestión Amb.'!B6 -> Materiales de difusión | C73: glb | D73: 1 | E73: 1 | F73: ='Gestión Amb.'!G6 -> 1302.0833 | G73: =ROUND(F73*E73*D73,2) -> 1302.08
A74: 6.03 | B74: ='Gestión Amb.'!B7 -> Reuniones perodicas | C74: glb | D74: 1 | E74: 1 | F74: ='Gestión Amb.'!G7 -> 1041.6667 | G74: =ROUND(F74*E74*D74,2) -> 1041.67
B75: TOTAL COSTOS AMBIENTALES | G75: =SUM(G73:G74) -> 2343.75
A77: 7.00 | B77: SERVICIOS VARIOS
A78: 7.01 | B78: mediciones con densimetro nuclear | C78: mes | D78: 1 | E78: 1 | F78: 5000 | G78: =ROUND(F78*E78*D78,2) -> 5000
A79: 7.02 | B79: Ensayos de Calidad - Suelos | C79: mes | D79: 1 | E79: 1 | F79: =800 -> 800 | G79: =ROUND(F79*E79*D79,2) -> 800
A80: 7.06 | B80: Permisos y Licencias radio comunicación | C80: Est. | D80: 1 | E80: 1 | F80: 2000 | G80: =ROUND(F80*E80*D80,2) -> 2000
A81: 7.08 | B81: Comunicaciones (Telefonía e Internet) | C81: mes | D81: 2 | E81: 1 | F81: 35 | G81: =ROUND(F81*E81*D81,2) -> 70
A82: 7.09 | B82: Hospedajes | C82: mes | D82: 2 | E82: 1 | F82: =100 -> 100 | G82: =ROUND(F82*E82*D82,2) -> 200
A83: 7.10 | B83: Fotocopias Planos | C83: mes | D83: 1 | E83: 1 | F83: =68 -> 68 | G83: =ROUND(F83*E83*D83,2) -> 68
A84: 7.11 | B84: Fotocopias Documentos | C84: mes | D84: 1 | E84: 1 | F84: =200 -> 200 | G84: =ROUND(F84*E84*D84,2) -> 200
B85: TOTAL COSTO DE SERVICIOS Y GASTOS DE OFICINA DE OBRA | G85: =SUM(G78:G84) -> 8338
A87: 8.00 | B87: MATERIALES Y GASTOS VARIOS
A88: 8.01 | B88: Utiles de Oficina | C88: mes | D88: 1 | E88: =+E81 -> 1 | F88: =500 -> 500 | G88: =ROUND(F88*E88*D88,2) -> 500
A89: 8.02 | B89: Materiales Fungibles Topografía | C89: mes | D89: 1 | E89: =+E88 -> 1 | F89: =500 -> 500 | G89: =ROUND(F89*E89*D89,2) -> 500
A90: 8.04 | B90: Materiales Fungibles Laboratorio | C90: mes | D90: 1 | E90: =+E89 -> 1 | F90: =1500 -> 1500 | G90: =ROUND(F90*E90*D90,2) -> 1500
A91: 8.05 | B91: Artículos de Higiene Personal | C91: mes | D91: 1 | E91: =+E90 -> 1 | F91: =1000 -> 1000 | G91: =ROUND(F91*E91*D91,2) -> 1000
A92: 8.06 | B92: Artículos de Lavandería | C92: mes | D92: 1 | E92: =+E91 -> 1 | F92: =750 -> 750 | G92: =ROUND(F92*E92*D92,2) -> 750
B93: TOTAL COSTO MATERIALES DE OFICINA DE OBRA | G93: =SUM(G88:G92) -> 4250
A95: 9.00 | B95: GASTOS DE OFICINA PRINCIPAL Y MATERIALES
A96: 9.01 | B96: Gerencia | C96: mes | D96: 0.3 | E96: 1 | F96: =15000 -> 15000 | G96: =ROUND(F96*E96*D96,2) -> 4500
A97: 9.02 | B97: Jefatura de proyectos | C97: mes | D97: 0.3 | E97: 1 | F97: =6000 -> 6000 | G97: =ROUND(F97*E97*D97,2) -> 1800
A98: 9.03 | B98: Asesoría Técnica -Legal | C98: mes | D98: 0.3 | E98: 1 | F98: =4000 -> 4000 | G98: =ROUND(F98*E98*D98,2) -> 1200
A99: 9.04 | B99: Contabilidad y administracion | C99: mes | D99: 0.3 | E99: 1 | F99: =3500 -> 3500 | G99: =ROUND(F99*E99*D99,2) -> 1050
A100: 9.05 | B100: Mantenimiento y logistica | C100: mes | D100: 0.3 | E100: 1 | F100: =6000 -> 6000 | G100: =ROUND(F100*E100*D100,2) -> 1800
A101: 9.06 | B101: Auxiliar de logistica | C101: mes | D101: 0.3 | E101: 1 | F101: =2500 -> 2500 | G101: =ROUND(F101*E101*D101,2) -> 750
A102: 9.07 | B102: Beneficios Sociales | C102: % | D102: 1 | E102: 0.52 | F102: =SUM(G96:G101) -> 11100 | G102: =F102*E102 -> 5772
A103: 9.09 | B103: Mantenimiento de Oficina principal | C103: mes | D103: 0.2 | E103: 1 | F103: =2500 -> 2500 | G103: =ROUND(F103*E103*D103,2) -> 500
A104: 9.10 | B104: Teléfono - Fax | C104: mes | D104: 0.3 | E104: 1 | F104: =600 -> 600 | G104: =ROUND(F104*E104*D104,2) -> 180
A105: 9.11 | B105: Copias Fotostáticas | C105: mes | D105: 0.2 | E105: 1 | F105: =500 -> 500 | G105: =ROUND(F105*E105*D105,2) -> 100
A106: 9.12 | B106: Utiles y Materiales fungibles | C106: mes | D106: 0.2 | E106: 1 | F106: =1000 -> 1000 | G106: =ROUND(F106*E106*D106,2) -> 200
B107: TOTAL GASTOS DE OFICINA PRINCIPAL Y MATERIALES | G107: =SUM(G96:G106) -> 17852
A109: 10.00 | B109: GASTOS FINANCIEROS
A110: 10.01 | B110: Carta Fianza de Fiel Cumplimiento del Contrato (10%) | C110: mes | D110: 1 | E110: 1 | F110: =5%/12*(C5+1)*(1+0.1+0.06)*10% -> 1014.0515 | G110: =ROUND(F110*E110*D110,2) -> 1014.05
A111: 10.04 | B111: Gastos Bancarios (ITF 2 Movimientos) | C111: glb | D111: 1 | E111: 5e-05 | F111: =+C5 -> 2098036.7 | G111: =ROUND(F111*E111*D111,2) -> 104.9
B112: TOTAL GASTOS FINANCIEROS | G112: =SUM(G110:G111) -> 1118.95
...

Sheet Mat. Seguridad
A3: COSTO POR SEGURIDAD Y SALUD
A5: 5.08 | B5: MATERIALES DE SEGURIDAD EN OBRA | C5: UND. | D5: METRADO | E5: FRECUENCIA | F5: FRENTES | G5: PRECIO | H5: USOS | I5: PARCIAL (S/)
A7: 5.08.01 | B7: LÍNEA DE VIDA VERTICAL
B8: BASTÓN ANCLAJE DE FIERRO Ø 1" (CANCAMOS)= 1.20 M | C8: und | D8: 3 | E8: 2 | F8: 2 | G8: 1.6875 | H8: 1 | I8: =ROUND(D8*E8*F8*G8/H8,2) -> 20.25
B9: SOGAS VERTICAL Ø 3/4" | C9: ml | D9: 30 | E9: 2 | F9: 2 | G9: 2.0833333 | H9: 1 | I9: =ROUND(D9*E9*F9*G9/H9,2) -> 250
A10: 5.08.02 | B10: LÍNEA DE VIDA HORIZONTAL
B11: CABLE ACERO Ø 1" TIPO BOA- ASCENSOR | C11: ml | D11: 100 | E11: 1 | F11: 1 | G11: 4.6875 | H11: 1 | I11: =ROUND(D11*E11*F11*G11/H11,2) -> 468.75
B12: GRAPAS ACEROS PARA EXTREMOS LINEA DE VIDA | C12: und | D12: 4 | E12: 1 | F12: 1 | G12: 4.6875 | H12: 1 | I12: =ROUND(D12*E12*F12*G12/H12,2) -> 18.75
A13: 5.08.04 | B13: ARNÉS DE SEGURIDAD 3 M. TIPO 3M | C13: und | D13: 4 | E13: 1 | F13: 1 | G13: 80.729167 | H13: 1 | I13: =ROUND(D13*E13*F13*G13/H13,2) -> 322.92
A14: 5.08.05 | B14: MALLA DE SEGURIDAD | C14: rollo | D14: 1 | E14: 1 | F14: 4 | G14: 13.776042 | H14: 1 | I14: =ROUND(D14*E14*F14*G14/H14,2) -> 55.1
A15: 5.08.06 | B15: CINTA DE SEGURIDAD | C15: rollo | D15: 1 | E15: 2 | F15: 4 | G15: 13.776042 | H15: 1 | I15: =ROUND(D15*E15*F15*G15/H15,2) -> 110.21
A16: 5.08.07 | B16: BARANDA DE MADERA | C16: unid | D16: 2 | E16: 1 | F16: 2 | G16: 20.833333 | H16: 1 | I16: =ROUND(D16*E16*F16*G16/H16,2) -> 83.33
A17: 5.08.09 | B17: CACHACOS DE SEGURIDAD | C17: und | D17: =300/5 -> 60 | E17: 1 | F17: 4 | G17: 5.703125 | H17: 1 | I17: =ROUND(D17*E17*F17*G17/H17,2) -> 1368.75
A18: 5.08.10 | B18: CONOS 18" | C18: und | D18: 25 | E18: 2 | F18: 4 | G18: 3.90625 | H18: 1 | I18: =ROUND(D18*E18*F18*G18/H18,2) -> 781.25
A19: 5.08.11 | B19: SEÑALIZACIÓN DE SEGURIDAD | C19: und | D19: 10 | E19: 1 | F19: 4 | G19: 9.1145833 | H19: 1 | I19: =ROUND(D19*E19*F19*G19/H19,2) -> 364.58
A20: 5.08.12 | B20: PALETAS | C20: und | D20: 8 | E20: 1 | F20: 4 | G20: 3.90625 | H20: 1 | I20: =ROUND(D20*E20*F20*G20/H20,2) -> 125
A21: 5.08.13 | B21: MANTAS COBERTORAS 5 X 8 M | C21: und | D21: 1 | E21: 1 | F21: 1 | G21: 390.625 | H21: 1 | I21: =ROUND(D21*E21*F21*G21/H21,2) -> 390.63
A22: 5.08.14 | B22: SEÑALIZACIÓN REFLECTORA, LUCES 1.2 X 2.4 | C22: und | D22: 10 | E22: 1 | F22: 4 | G22: 9.1145833 | H22: 1 | I22: =ROUND(D22*E22*F22*G22/H22,2) -> 364.58
A23: 5.08.15 | B23: EXTINTOR 06KG | C23: und | D23: 2 | E23: 1 | F23: 4 | G23: 18.229167 | H23: 1 | I23: =ROUND(D23*E23*F23*G23/H23,2) -> 145.83
A24: 5.08.16 | B24: BOTIQUÍN | C24: und | D24: 2 | E24: 1 | F24: 4 | G24: 10.416667 | H24: 1 | I24: =ROUND(D24*E24*F24*G24/H24,2) -> 83.33
A25: 5.08.17 | B25: CAMILLA, | C25: und | D25: 1 | E25: 1 | F25: 2 | G25: 85.9375 | H25: 1 | I25: =ROUND(D25*E25*F25*G25/H25,2) -> 171.88
A26: 5.08.18 | B26: SOGAS DE RESCATE DIVERSOS DIAMETROS MINIMO 3/4" | C26: ml | D26: 100 | E26: 1 | F26: 1 | G26: 1.0416667 | H26: 1 | I26: =ROUND(D26*E26*F26*G26/H26,2) -> 104.17
B27: COSTO TOTAL | I27: =SUM(I7:I26) -> 5229.31

Sheet Gestión Amb.
A1: COSTO POR GESTIÓN AMBIENTAL | I1: TIPO DE CAMBIO
I2: 3.84
A3: 06.03 | B3: PROGRAMA DE RELACIONES COMUNITARIAS
B5: DESCRIPCIÓN | C5: UNIDAD | D5: CUADRILLA | E5: CANTIDAD | F5: PRECIO (S/) | G5: PARCIAL (S/)
B6: Materiales de difusión | C6: GLB | E6: 1 | F6: =5000/I2 -> 1302.0833 | G6: =+F6*E6 -> 1302.0833
B7: Reuniones perodicas | C7: GLB | E7: 1 | F7: =4000/I2 -> 1041.6667 | G7: =+F7*E7 -> 1041.6667
F8: COSTO TOTAL : | G8: =SUM(G6:G7) -> 2343.75

Sheet Seguros
A3: COSTO POR LOS SEGUROS
B5: DURACION DE LA OBRA (meses) | G5: 1.38
B6: COSTO TOTAL | G6: =+'GASTOS GENERALES'!F12 -> 2098036.7
O7: TIPO DE CAMBIO
A8: SEGUROS | O8: 3.84
A10: A.- SEGUROS DE ACCIDENTES PERSONALES
B11: Tasa: | C11: 0.015
F12: Período (Meses) : | G12: =+G5 -> 1.38
B14: COBERTURA | E14: $ | F14: =ROUND(22*0.06*Seguros!G6*0.1,0)/O8 -> 72120.052 | I14: COSTO FINANCIERO (S/.) | M14: =ROUND((C11*G12/12)*F14,2) -> 124.41
A16: B.- SEGURO COMPLEMENTARIO DE TRABAJO DE RIESGO
B17: Tasa: | C17: 0.014607
F18: Período (Meses) : | G18: =+G12 -> 1.38
B20: Monto Aplicable: | E20: $ | F20: =+'GG VARIABLE'!G39 -> 221435.12 | I20: COSTO FINANCIERO (S/.) | M20: =ROUND((C17)*F20,2) -> 3234.5
A22: C.- SEGUROS DE VIDA
B23: Tasa: | C23: 0.02
F24: Período (Meses) : | G24: =+G18 -> 1.38
B26: Monto Aplicable: | E26: $ | F26: =+'GG FIJO'!G43+'GG VARIABLE'!G39 -> 246005.12 | I26: COSTO FINANCIERO (S/.) | M26: =ROUND((C23*G24/12)*F26,2) -> 565.81
A28: D.- RESPONSABILIDAD CIVIL CONTRA TERCEROS
B29: Tasa: | C29: 7.5 | D29: ‰ | F29: COBERTURA: | G29: 1000000
F30: Período (Meses) : | G30: =+G18 -> 1.38
B32: COBERTURA | E32: $ | F32: =ROUND(+G29*3,0)/O8 -> 781250 | I32: COSTO FINANCIERO (S/.) | M32: =ROUND((C29/1000*G30/12)*F32,2) -> 673.83
A34: E.- SEGUROS CONTRA TODO RIESGO (CAR)
F35: Monto del Contrato | G35: =+G36 -> 2098036.7
B36: Tasa Básica: | C36: 5 | D36: ‰ | F36: COBERTURA ( S/. ) : | G36: =+G6 -> 2098036.7 | M36: =ROUND((C36/1000*G38/12)*G36,2) -> 1206.37
B37: Tasa: | C37: 5 | D37: ‰ | F37: Porcentaje Aplicable del C.T. | G37: 0.2
F38: Período (Meses) : | G38: =+G30 -> 1.38
B39: COBERTURA | E39: $ | F39: =ROUND(+G35*G37,0) -> 419607 | M39: =ROUND((C37/1000*G38/12)*F39,2) -> 241.27
I41: COSTO FINANCIERO (S/.) | M41: =SUM(M36:M39) -> 1447.64
L44: SUBTOTAL ($) | M44: =ROUND((M14+M20+M26+M32+M41),2) -> 6046.19
A46: Costo por emisión de Póliza | I46: 0.03 | J46: Del Sub-Total | M46: =ROUND(I46*M44,2) -> 181.39
L48: TOTAL DE GASTOS FINANCIEROS POR SEGUROS ($) | M48: =SUM(M44:M46) -> 6227.58
